 Crawl Stoat Soup version 0.23-s2-94-g3f65888a41 (webtiles) character file.

725 FMitz the Slasher (level 7, 0/50 HPs)
             Began as a Sludge Elf Fighter on Apr 23, 2023.
             Was a Follower of Makhleb.
             Slain by an ogre
             ... wielding a +0 giant club
              (25 damage)
             ... on level 5 of the Dungeon.
             The game lasted 00:06:45 (4869 turns).

FMitz the Slasher (Sludge Elf Fighter)              Turns: 4869, Time: 00:06:45

Health: 0/50       AC: 11    Str: 21    XL:     7   Next: 72%
Magic:  8/8        EV:  9    Int:  9    God:    Makhleb [*.....]
Gold:   171        SH:  7    Dex: 16    Spells: 6/6 levels left

rFire    . . .     SeeInvis .   m - +2 long sword (holy)
rCold    . . .     Gourm    .   j - +2 buckler
rNeg     . . .     Faith    .   b - +0 scale mail
rPois    .         Spirit   .   A - +0 helmet
rElec    .         Warding  .   r - +0 cloak
rCorr    .         Reflect  .   g - +0 pair of gloves
MR       .....     Harm     .   n - +0 pair of boots
Stlth    ..........             (no amulet)
HPRegen  0.16/turn              (no ring)
MPRegen  0.11/turn              (no ring)

@: mighty
A: no striking features
a: Renounce Religion


You were on level 5 of the Dungeon.
You worshipped Makhleb.
Makhleb was aware of your devotion.
You were not hungry.

You visited 1 branch of the dungeon, and saw 5 of its levels.

You collected 171 gold pieces.

Inventory:

Hand Weapons
 m - a +2 long sword of holy wrath (weapon)
Missiles
 t - 12 poisoned darts (quivered)
Armour
 b - a +0 scale mail (worn)
 c - a +0 shield
 g - a +0 pair of gloves (worn)
 j - a +2 buckler (worn)
 n - a +0 pair of boots (worn)
 r - a +0 cloak (worn)
 A - a +0 helmet (worn)
Jewellery
 h - an uncursed ring of flight {unknown}
 u - an uncursed ring of see invisible {unknown}
Wands
 y - a wand of mindburst (13 charges)
Scrolls
 k - a scroll of enchant weapon {unknown}
 l - 2 scrolls of fog {unknown}
 o - 3 scrolls of teleportation {unknown}
 p - 4 scrolls of identify {unknown}
 s - a scroll of remove curse {unknown}
Potions
 a - a potion of haste {unknown}
 i - a potion of degeneration {unknown}
 q - a potion of mutation {unknown}
 v - 2 potions of lignification {unknown}
 x - a potion of berserk rage {unknown}
 z - a potion of brilliance {unknown}
 B - a potion of heal wounds {unknown}
Comestibles
 f - 3 bread rations
 w - a meat ration
 C - 4 fruits


   Skills:
 + Level 5.5 Fighting
 * Level 5.5 Long Blades
 - Level 2.4 Armour
 + Level 4.2 Shields


You had 6 spell levels left.
You didn't know any spells.
Your spell library contained the following spells:

 Spells                   Type           Power        Failure   Level  Hunger
 Ensorcelled Hibernation  Hex/Ice        0/50         86%         2    ###....
 Confuse                  Hex            0/100        97%         3    ####...
 Dazzling Spray           Conj/Hex       0/50         97%         3    ####...
 Tukima's Dance           Hex            0/100        97%         3    ####...


Dungeon Overview and Level Annotations

Branches:
Dungeon (5/15)
 Temple: D:4-7

Altars:
Fedhas
Makhleb
Sif Muna
Uskayaw
Yredelemnul


Message History

* * * LOW HITPOINT WARNING * * *
Unknown command.
You're too confused!
Okay, then.
You feel less confused.
You feel sick. Something hits you but does no damage.
It was a potion of curing.
You feel better.
The worker ant bites you but does no damage.
You hear some strange, mumbled words.
You are confused.
The worker ant bites you.
You are poisoned.
The worker ant poisons you!
You feel better. Something hits you but does no damage.
You block the worker ant's attack.
You feel very mighty all of a sudden. Something hits you but does no damage.
You block the worker ant's attack. The ogre hits you with a giant club!!
Ouch! That really hurt!
You die...

#### ##### ..# #...#
###.# #...#
#...###.@.##########
#....##O{a##........
####........)†.........
##....#..#..##.......?..
#.....'.....##..........
.......#......#..........
.......#.................
.......#..†..............
.......#..#..............


You could see an ogre and a worker ant.

Vanquished Creatures
  An ice beast (D:5)
  A centaur (D:5)
  A scorpion (D:4)
  A howler monkey (D:4)
  An orc priest (D:5)
  3 orc wizards
  Crazy Yiuf (D:2)
  Terence (D:2)
  4 worker ants
  9 adders
  7 worms
  2 dart slugs
  2 leopard geckos
  15 orcs
  6 bats
  5 giant cockroaches
  5 goblins
  8 hobgoblins
  4 jackals (D:4)
  12 kobolds
  5 weasels
  7 frilled lizards
  A jackal skeleton (D:4)
  A leopard gecko skeleton (D:4)
  7 rats
110 creatures vanquished.

Vanquished Creatures (others)
  A leopard gecko (D:1)
  A hobgoblin (D:1)
2 creatures vanquished.

Grand Total: 112 creatures vanquished

Notes
Turn   | Place    | Note
-------+----------+-------------------------------------------
     0 | D:1      | FMitz the Sludge Elf Fighter began the quest for the Orb.
     0 | D:1      | Reached XP level 1. HP: 16/16 MP: 2/2
   351 | D:1      | Reached XP level 2. HP: 19/21 MP: 3/3
   690 | D:1      | Noticed FMitz's ghost (weakling OgSu)
   693 | D:1      | Witnessed revenge of FMitz's ghost on a leopard gecko.
   903 | D:1      | Reached XP level 3. HP: 23/26 MP: 4/4
  1306 | D:2      | Noticed Terence
  1327 | D:2      | Killed Terence
  1327 | D:2      | Reached XP level 4. HP: 26/33 MP: 5/5
  1900 | D:2      | Found a faded altar of an unknown god.
  1904 | D:2      | Reached XP level 5. HP: 37/37 MP: 6/6
  1956 | D:2      | Found a runed door.
  2083 | D:2      | Found a blossoming altar of Fedhas.
  2230 | D:2      | Noticed Crazy Yiuf
  2236 | D:2      | Killed Crazy Yiuf
  2769 | D:3      | Found a deep blue altar of Sif Muna.
  2847 | D:3      | Found a burning altar of Makhleb.
  2858 | D:3      | Became a worshipper of Makhleb the Destroyer
  3224 | D:4      | Found a basalt altar of Yredelemnul.
  3273 | D:4      | Reached XP level 6. HP: 44/44 MP: 7/7
  4307 | D:4      | Found a hide-covered altar of Uskayaw.
  4315 | D:4      | Reached skill level 5 in Fighting
  4315 | D:4      | Reached XP level 7. HP: 38/50 MP: 8/8
  4508 | D:5      | Entered Level 5 of the Dungeon
  4564 | D:5      | Reached skill level 5 in Long Blades
  4590 | D:5      | Reached * piety under Makhleb
  4869 | D:5      | Slain by an ogre

Vault maps used:
D:1:      lemuel_arrival_tunnels, lemuel_old_faithful
D:2:      marbit_many_paths, first_bread,
          chequers_ecumenical_altar_simple_redux, st_stairs_10,
          minmay_misc_feat_tower, grunt_ministairs_13, minmay_stone_trees_large,
          uniq_crazy_yiuf_cottage, uniq_terence
D:3:      lemuel_blue_sif_altar, old_standard_altar
D:4:      kennysheep_little_box, yredelemnul_altar_generic
D:5:      grunt_gozag_statues, zin_scriptorium,
          gammafunk_temple_overflow_elements, cheibrodos_ashenzari_chains,
          trog_wizard

Skill      XL: |  1  2  3  4  5  6  7 |
---------------+----------------------+-----
Long Blades    | 2 3 4 5 |  5.5
Shields        | 3 4 |  4.2
Fighting       | 4 5 |  5.5
Armour         | |  2.4

Action                   |  1- 3 |  4- 6 |  7- 9 || total
-------------------------+-------+-------+-------++-------
Melee: Long sword        |    90 |   229 |    78 ||   397
  Use: Potion            |       |       |     3 ||     3
  Eat: Chunk             |     1 |    10 |     2 ||    13
Armor: Scale mail        |    34 |    96 |    50 ||   180
Dodge: Dodged            |    37 |    83 |    34 ||   154
Block: Buckler           |    40 |    67 |    29 ||   136
       Shield            |     2 |       |       ||     2
       Rpst.: Long sword |    13 |    28 |    10 ||    51

Table legend:
 A = Spawn XP
 B = Non-spawn XP
 C = Spawn XP percentage of total XP
 D = Spawn monster count
 E = Non-spawn monster count
 F = Spawn count percentage of total count
 G = Total turns spent on level
                    A         B        C        D         E        F      G
               +---------+---------+-------+---------+---------+-------+---------
         Total |     142 |     895 |  13.7 |      21 |      90 |  18.9 |  4869
               +---------+---------+-------+---------+---------+-------+---------
           D:1 |       9 |      25 |  26.5 |       4 |      13 |  23.5 |  1047
           D:2 |      37 |     162 |  18.6 |       7 |      28 |  20.0 |  1381
           D:3 |      41 |      31 |  56.9 |       2 |      16 |  11.1 |   904
           D:4 |      55 |     269 |  17.0 |       8 |      13 |  38.1 |  1176
           D:5 |       0 |     408 |   0.0 |       0 |      20 |   0.0 |   361
               +---------+---------+-------+---------+---------+-------+---------
